 Dungeon Crawl Stone Soup version 0.29.1-1-gd02db6906a (webtiles) character file.

Game seed: 5106270975190264857

88 GigaChad the Trooper (level 4, 0/29 HPs)
             Began as a Kobold Fighter on Oct 4, 2022.
             Was a Follower of Qazlal.
             Slain by Sigmund
             ... wielding a +0 scythe
              (4 damage)
             ... on level 3 of the Dungeon.
             The game lasted 00:04:59 (1702 turns).

GigaChad the Trooper (Kobold Fighter)               Turns: 1702, Time: 00:05:00

Health: 0/29       AC:  8    Str: 15    XL:     4   Next: 81%
Magic:  8/8        EV: 10    Int:  9    God:    Qazlal [*.....]
Gold:   88         SH:  7    Dex: 14    Spells: 5/8 levels left

rFire   . . .      SeeInvis .   a - +0 long sword
rCold   . . .      Faith    .   c - +0 buckler
rNeg    . . .      Spirit   .   b - +0 scale mail
rPois   .          Reflect  .   (no helmet)
rElec   .          Harm     .   g - +1 cloak
rCorr   .          Rampage  .   (no gloves)
Will    .....                   (no boots)
Stlth   +.........              (no amulet)
HPRegen 0.09/turn               (no ring)
MPRegen 0.11/turn               (no ring)

@: no status effects
A: small, no large weapons, nightstalker 3
a: Renounce Religion


You were on level 3 of the Dungeon.
You worshipped Qazlal.
Qazlal was aware of your devotion.
You visited 1 branch of the dungeon, and saw 3 of its levels.

You collected 88 gold pieces.

Inventory:

Hand Weapons
 a - a +0 long sword (weapon)
Armour
 b - a +0 scale mail (worn)
 c - a +0 buckler (worn)
 g - a +1 cloak (worn)
Scrolls
 e - a scroll of amnesia
 f - a scroll of noise {unknown}
 h - 3 scrolls of identify
 i - a scroll of torment {unknown}
 k - a scroll of teleportation {unknown}
 l - a scroll of butterflies {unknown}
 n - a scroll of magic mapping {unknown}
 p - a scroll of vulnerability {unknown}
Potions
 d - a potion of might
 j - a potion of haste
 m - 4 potions of curing {unknown}
 o - 2 potions of attraction {unknown}


   Skills:
 - Level 3.7 Fighting
 - Level 1.7 Long Blades
 - Level 2.6 Armour
 - Level 0.4 Dodging
 - Level 2.5 Shields
 + Level 2.9 Spellcasting


You had 5 spell levels left.
You knew the following spells:

 Your Spells              Type           Power      Damage    Failure   Level
a - Summon Guardian Gole  Hex/Summ       1%         N/A       99%         3

Your spell library contained the following spells:

 Spells                   Type           Power      Damage    Failure   Level
 Portal Projectile        Hex/Tloc       2%         N/A       99%         3
 Leda's Liquefaction      Hex/Erth       0%         N/A       100%        4
 Summon Ice Beast         Ice/Summ       1%         N/A       100%        4
 Summon Mana Viper        Hex/Summ       1%         N/A       100%        5
 Monstrous Menagerie      Summ           0%         N/A       100%        7
 Discord                  Hex            0%         N/A       100%        8


Dungeon Overview and Level Annotations

Branches:
Dungeon (3/15)

Altars:
Qazlal

Annotations:
D:3 Sigmund


Innate Abilities, Weirdness & Mutations

You are small and have problems with some larger weapons.
You are completely attuned to the shadows.


Message History

You kill the ball python!
Qazlal accepts your kill.
Sigmund hits you from afar with a +0 scythe.
Sigmund hits you but does no damage.
You see here a ball python corpse.
Sigmund closely misses you.
You slash Sigmund!
Sigmund is moderately wounded.
Sigmund points at you and mumbles some strange words.
You resist with some effort.
You hit Sigmund.
Sigmund is moderately wounded.
Sigmund points at you and mumbles some strange words.
You are confused.
You slash Sigmund!
Sigmund is severely wounded.
Sigmund closely misses you.
You bump into the rock wall.
Sigmund gestures wildly while chanting.
Sigmund flickers and vanishes!
Deactivating autopickup; reactivate with Ctrl-A.
Something hits you but does no damage.
You bump into the rock wall.
You hear some strange, mumbled words.
You are more confused.
Something hits you. Something hits you. Something hits you.
Something completely misses you. x2
You feel less confused. Something hits you.
You see here 10 gold pieces.
Something hits you.
You miss something. You barely miss something. Something hits you.
* * * LOW HITPOINT WARNING * * *
You hit something. Something hits you.
* * * LOW HITPOINT WARNING * * *
You hit something. Something hits you.
You die...

#.#######. #.....###.
#######.###.#...
.....######.#.## ..
...[......#†#.# ...
......###.#.#.##
#.########.###'#'#...
#.....###..........##
###○@.†.'...........)
#..$#.###...........#
#..###.#
#..........## #.# #.#
#..........## .. ..#
#..........##
.......## .......##
......## #


There were no monsters in sight!

Vanquished Creatures
  Jessica (D:3)
  2 adders
  A dart slug (D:1)
  3 ball pythons
  5 endoplasms
  4 giant cockroaches
  4 hobgoblins
  4 quokkas
  4 bats
  2 frilled lizards (D:1)
  3 goblins (D:1)
  3 kobolds (D:2)
  A rat (D:1)
37 creatures vanquished.

Notes
Turn   | Place    | Note
-------+----------+-------------------------------------------
     0 | D:1      | GigaChad the Kobold Fighter began the quest for the Orb.
     0 | D:1      | Reached XP level 1. HP: 14/14 MP: 1/1
   406 | D:1      | Reached XP level 2. HP: 19/19 MP: 2/2
   742 | D:1      | Reached XP level 3. HP: 20/24 MP: 3/3
   865 | D:2      | Got Agyhiuj's Volume of Enchantment
   920 | D:2      | Reached skill level 1 in Spellcasting
   991 | D:2      | Found a faded altar of an unknown god.
  1009 | D:2      | Prayed at the altar of an unknown god.
  1009 | D:2      | Became a worshipper of Qazlal Stormbringer
  1009 | D:2      | Reached * piety under Qazlal
  1116 | D:2      | Learned a level 3 spell: Summon Guardian Golem
  1390 | D:2      | Reached XP level 4. HP: 29/29 MP: 6/6
  1524 | D:3      | Noticed Jessica
  1541 | D:3      | Killed Jessica
  1679 | D:3      | Noticed Sigmund
  1702 | D:3      | Slain by Sigmund

Illustrated notes

Levels and vault maps discovered:
D:1:      minmay_arrival_four_houses, layout_basic, minivault_11, minivault_25
D:2:      layout_rooms, hellmonk_ecumenical_altar_arch_garden, st_stairs_14
D:3:      layout_basic, uniq_sigmund, uniq_jessica

Skill      XL: |  1  2  3  4 |
---------------+-------------+-----
Spellcasting   | 1 2 |  2.9
Fighting       | |  3.7
Long Blades    | |  1.7
Armour         | |  2.6
Dodging        | |  0.4
Shields        | |  2.5

Action                   |  1- 3 |  4- 6 || total
-------------------------+-------+-------++-------
Melee: Long sword        |    93 |    21 ||   114
  Use: Scroll            |     1 |       ||     1
Armor: Scale mail        |    83 |     4 ||    87
Dodge: Dodged            |    79 |     8 ||    87
Block: Buckler           |    52 |     8 ||    60
